 Dungeon Crawl Stone Soup version bcrawl-1.12-11-gb93c957c58 (webtiles) character file.

Game seed: 17967684851397158075

90 Gumption the Ducker (level 4, 0/33 HPs)
             Began as an Oni Earth Elementalist on June 22, 2019.
             Slain by a crimson imp (3 damage)
             ... on level 3 of the Dungeon.
             The game lasted 00:20:13 (2721 turns).

Gumption the Ducker (Oni Earth Elementalist)        Turns: 2721, Time: 00:20:14

Health: 0/33       AC:  2    Str: 12    XL:     4   Next: 56%
Magic:  9/9        EV: 12    Int: 17    God:
Gold:   71         SH:  0    Dex: 11    Spells: 4/7 levels left

rFire    . . .     SeeInvis .   (no weapon)
rCold    . . .     Gourm    .   (no shield)
rNeg     . . .     Faith    .   c - +0 animal skin
rPois    .         Spirit   .   (helmet restricted)
rElec    .         Reflect  .   (no cloak)
rCorr    .         Harm     .   (no gloves)
MR       .....                  (no boots)
Stlth    ++........             (no amulet)
HPRegen  0.11/turn              (no ring)
MPRegen  0.11/turn              (no ring)

@: no status effects
A: oni magic, claws 1, fangs 1, horns 1
a: no special abilities


You were on level 3 of the Dungeon.
You were not hungry.

You visited 1 branch of the dungeon, and saw 3 of its levels.

You collected 71 gold pieces.

Inventory:

Missiles
 b - 6 stones (quivered)
Armour
 c - a +0 animal skin (worn)
Wands
 l - a wand of flame (24)
Scrolls
 a - a scroll of fear {unknown}
 d - 3 scrolls of amnesia {unknown}
 f - a scroll of enchant weapon {unknown}
 g - a scroll of magic mapping {unknown}
 h - a scroll of teleportation {unknown}
 j - 2 scrolls of remove curse {unknown}
 n - a scroll of identify {unknown}
Potions
 i - a potion of mutation {unknown}
 k - a potion of invisibility {unknown}
 m - 2 potions of heal wounds {unknown}
Comestibles
 e - 3 rations {!d}


   Skills:
 + Level 0.0 Fighting
 + Level 2.5 Dodging
 - Level 2.5 Stealth
 + Level 0.0 Unarmed Combat
 * Level 2.4 Spellcasting


You had 4 spell levels left.
You knew the following spells:

 Your Spells              Type           Power        Failure   Level  Hunger
a - Sandblast             Erth           ##....       6%          1    #......
b - Ensorcelled Hibernat  Hex/Ice        ##....       11%         2    ##.....

Your spell library contained the following spells:

 Spells                   Type           Power        Failure   Level  Hunger
 Freeze                   Ice            ##..         6%          1    #......
 Passwall                 Tmut/Erth      ##......     11%         2    ##.....
 Stone Arrow              Conj/Erth      ##....       21%         3    ###....
 Petrify                  Tmut/Erth      ##......     56%         4    #####..
 Lee's Rapid Deconstruct  Erth           ##........   85%         5    ######.


Dungeon Overview and Level Annotations

Branches:
Dungeon (3/12)

Altars:
Ashenzari
Fedhas
Hepliaklqana
Makhleb
Trog
Zin
The Shining One


Innate Abilities, Weirdness & Mutations

You learn spells by gaining experience, not through books or religion.
You only train spellcasting to practice magic.
You have sharp fingernails.
You have very sharp teeth.
You have a pair of small horns on your head.


Message History

The crimson imp barely misses you.
You closely miss the crimson imp. Your headbutt misses the crimson imp.
The crimson imp misses you.
You barely miss the crimson imp.
The crimson imp hits you but does no damage.
You barely miss the crimson imp. Your headbutt misses the crimson imp.
The crimson imp hits you but does no damage.
You closely miss the crimson imp.
The crimson imp lashes its tail.
The crimson imp hits you.
* * * LOW HITPOINT WARNING * * *
You closely miss the crimson imp. The crimson imp closely misses you.
You scratch the crimson imp but do no damage.
Your headbutt misses the crimson imp. Your bite misses the crimson imp.
The crimson imp barely misses you.
You barely miss the crimson imp. The crimson imp misses you.
You scratch the crimson imp. Your bite misses the crimson imp.
The crimson imp is lightly wounded.
The crimson imp hits you.
You die...

#.#.### #.# #.# #
############ #.#.#
# #..........#
#)#.# #
#######.##.# #.#.#
#.##+#######'#.#
#.#............#
#@#............#
####5#............#
#....+............#
#.##.#............#
#....+.....5......#
#..#.#............#
#..#.#............#
#..............##.#
#..............##.#


You could see a crimson imp.

Vanquished Creatures
  An orc priest (D:3)
  An ooze (D:1)
  A dart slug (D:1)
  4 worms
  2 leopard geckos
  4 goblins
  4 hobgoblins
  3 jackals
  4 kobolds
  2 ball pythons
  8 bats
  5 frilled lizards
  6 rats
45 creatures vanquished.

Notes
Turn   | Place    | Note
-------+----------+-------------------------------------------
     0 | D:1      | Gumption the Oni Earth Elementalist began the quest for the
                  | Orb.
     0 | D:1      | Reached XP level 1. HP: 14/14 MP: 4/4
   516 | D:1      | Reached XP level 2. HP: 18/20 MP: 0/6
   989 | D:1      | Reached XP level 3. HP: 26/26 MP: 3/7
  1406 | D:2      | Found a burning altar of Makhleb.
  1412 | D:2      | Found a glowing silver altar of Zin.
  1412 | D:2      | Noticed an angel
  1414 | D:2      | Noticed an Executioner
  1630 | D:2      | Found a blossoming altar of Fedhas.
  1667 | D:2      | Found a shattered altar of Ashenzari.
  1759 | D:2      | Found a bloodstained altar of Trog.
  1768 | D:2      | Found a glowing golden altar of the Shining One.
  1778 | D:2      | Found a hazy altar of Hepliaklqana.
  2185 | D:3      | Reached XP level 4. HP: 33/33 MP: 4/9
  2203 | D:3      | Learned a level 2 spell: Ensorcelled Hibernation
  2721 | D:3      | Slain by a crimson imp

Skill      XL: |  1  2  3 |
---------------+----------+-----
Stealth        | 2 |  2.5
Dodging        | 2 |  2.5
Spellcasting   | 2 |  2.4

Action                   |  1- 3 |  4- 6 || total
-------------------------+-------+-------++-------
Melee: Unarmed           |    23 |    92 ||   115
       Headbutt          |     4 |     8 ||    12
       Bite              |     1 |     6 ||     7
 Cast: Sandblast         |    52 |     7 ||    59
       Ensorcelled Hiber |       |     4 ||     4
 Stab: Sleeping          |     1 |     3 ||     4
  Eat: Chunk             |     5 |       ||     5
       Ration            |       |     1 ||     1
Armor: Animal skin       |     4 |    10 ||    14
Dodge: Dodged            |    31 |    46 ||    77
